Map: Deathaura LE

Players

Massa

  • Race: Terran Terran
  • League: Platinum
  • Spawn Location: 11:00

Helios - Winner!

  • Race: Protoss Protoss
  • League: Diamond
  • Spawn Location: 5:00

VOD

Have the link to the VOD?

Description

Time

  • Played on: Feb. 24, 2021, 4:27 p.m.
  • Length: 22:43
Show
View Real Time Build Order
Export as new Build Order

Massa Terran 

Build Orders: Hellion Banshee 

Get SALT Encoding   

  12  0:02  SCV  
  13  0:14  SCV  
  13  0:19  Supply Depot  
  14  0:26  SCV  
  15  0:40  SCV  
  16  0:43  Barracks  
  16  0:46  Refinery  
  16  0:54  SCV  
  17  1:06  SCV  
  18  1:20  SCV  
  19  1:33  SCV  
  20  1:56  Orbital Command  
  20  1:58  Command Center  
  20  1:59  Barracks Reactor  
  20  2:07  Supply Depot  
  20  2:22  SCV  
  21  2:32  Factory  
  21  2:35  Supply Depot  
  21  2:36  Marine x2  
  23  2:40  SCV  
  24  2:52  SCV  
  24  2:57  Marine x2  
  26  3:12  Orbital Command  
  26  3:13  SCV  
  26  3:18  Refinery, Hellion  
  29  3:20  Marine x2  
  29  3:25  SCV  
  32  3:27  Starport  
  32  3:38  SCV x2  
  34  3:47  Barracks Tech Lab, Hellion x2  
  38  3:50  SCV  
  39  4:09  Hellion x2  
  43  4:10  SCV x2  
  43  4:13  Supply Depot  
  43  4:15  Engineering Bay  
  43  4:26  Cloaking Field  
  43  4:27  Banshee  
  43  4:30  Hellion x2  
  50  4:31  SCV x2  
  50  4:35  Barracks Tech Lab  
  46  4:54  Hellion x2  
  46  5:03  Missile Turret  
  46  5:06  Missile Turret  
  46  5:07  SCV x2  
  48  5:13  Banshee  
  51  5:15  Hellion  
  51  5:16  Hellion  
  51  5:19  SCV  
  56  5:27  Marine  
  47  5:45  Marine, Stimpack  
  47  5:46  SCV x2  
  50  5:53  Command Center  
  50  5:55  Banshee, Barracks  
  50  5:56  Barracks  
  53  5:58  SCV x2  
  53  5:59  Supply Depot  
  53  6:00  Hellion x2  
  53  6:02  Supply Depot  
  59  6:09  Refinery  
  59  6:13  Missile Turret  
  59  6:17  Terran Infantry Weapons Level 1  
  59  6:18  Refinery  
  59  6:26  Command Center  
  47  6:49  Marauder  
  47  6:52  Banshee  
  44  7:06  Widow Mine x2  
  42  7:10  Marauder  
  38  7:19  Orbital Command  
  33  7:28  Widow Mine  
  35  7:32  Marauder  
  35  7:38  SCV  
  35  7:43  Planetary Fortress  
  31  7:50  SCV  
  26  7:53  Marine  
  23  8:10  SCV x2, Marine  
  26  8:20  Orbital Command  
  26  8:22  SCV x2  
  26  8:25  Supply Depot  
  26  8:26  Marine  
  26  8:27  Marine  
  29  8:28  Marine  
  31  8:34  SCV  
  31  8:38  SCV  
  33  8:44  Marine x2  
  33  8:46  SCV, Marine  
  37  8:48  Combat Shield  
  37  8:57  SCV x3  
  37  8:59  SCV  
  42  9:03  Refinery  
  42  9:04  Barracks Tech Lab, Marine  
  42  9:05  Barracks Reactor  
  42  9:09  SCV x3  
  45  9:12  Barracks x2  
  45  9:13  Barracks  
  45  9:22  Marauder, Missile Turret  
  45  9:23  Marine  
  48  9:25  Concussive Shells  
  48  9:26  Widow Mine  
  48  9:27  Widow Mine  
  52  9:41  Marauder  
  52  9:44  Marauder  
  56  10:04  Barracks Tech Lab, Marauder  
  56  10:05  Barracks Reactor, Barracks Tech Lab, Marauder  
  56  10:06  Marine x2  
  62  10:08  SCV  
  62  10:09  SCV x3  
  66  10:20  SCV  
  67  10:23  Marine  
  67  10:24  Marine  
  67  10:25  Marauder, Missile Turret  
  67  10:26  Marauder  
  73  10:29  Terran Infantry Armor Level 1  
  73  10:32  Armory  
  73  10:33  Engineering Bay  
  75  10:37  Raven  
  75  10:41  Marine  
  73  10:47  Marauder  
  75  10:59  Starport  
  75  11:02  SCV x4  
  79  11:07  Marauder x2, Marine  
  84  11:14  SCV x4  
  88  11:20  Medivac  
  88  11:21  Terran Infantry Weapons Level 2  
  90  11:26  SCV x4  
  90  11:27  Siege Tank  
  93  11:38  SCV  
  94  11:43  Marauder  
  94  11:44  Marauder x2  
  100  11:51  Sensor Tower  
  100  11:58  Starport Reactor  
  100  11:59  SCV x3, Siege Tank  
  100  12:00  SCV  
  107  12:02  Refinery  
  107  12:03  Refinery  
  107  12:05  Marauder  
  107  12:09  Drilling Claws  
  107  12:11  SCV x2  
  107  12:13  SCV  
  107  12:14  SCV  
  111  12:23  SCV  
  111  12:24  SCV  
  111  12:26  SCV x2  
  115  12:33  Terran Infantry Armor Level 2  
  115  12:35  Marine  
  116  12:46  Ghost Academy  
  116  13:00  Command Center  
  116  13:06  Supply Depot  
  116  13:11  Supply Depot  
  116  13:12  Supply Depot  
  116  13:24  Orbital Command  
  116  13:27  Smart Servos, Marine x2  
  116  13:28  SCV, Marauder, Siege Tank  
  116  13:30  SCV, Marine  
  116  13:33  SCV, Marauder x2  
  129  13:40  SCV  
  128  13:42  Medivac x3  
  128  13:43  SCV  
  128  13:45  SCV  
  128  13:46  Enhanced Shockwaves  
  136  13:49  Marauder, Marine  
  136  13:50  Marine  
  140  13:59  Supply Depot  
  140  14:01  Sensor Tower, Supply Depot  
  140  14:03  Supply Depot  
  140  14:11  Marine, Ghost, Siege Tank  
  140  14:12  Marauder x2, Medivac x2  
  140  14:16  Terran Infantry Weapons Level 3  
  154  14:19  Marine  
  154  14:20  Marine x2  
  157  14:24  Supply Depot  
  157  14:32  Ghost  
  157  14:35  SCV  
  157  14:36  SCV x3, Factory  
  157  14:38  Refinery  
  163  14:43  Siege Tank  
  166  15:00  Planetary Fortress  
  166  15:03  SCV x3  
  166  15:04  Ghost x3  
  166  15:05  Marine  
  166  15:06  Marine  
  149  16:11  Siege Tank  
  152  16:13  Factory Tech Lab  
  136  16:41  Viking x3  
  136  16:43  Siege Tank  
  143  16:50  Marine x9  
  139  17:08  Siege Tank  
  139  17:11  Viking x2  
  139  17:12  Terran Infantry Armor Level 3  
  139  17:13  Hi-Sec Auto Tracking  
  139  17:14  Terran Vehicle Weapons Level 1  
  139  17:15  Siege Tank  
  142  17:18  Viking  
  144  17:32  Marauder, Marine  
  144  17:33  Marauder x2, Marine x5  
  156  17:50  Supply Depot x2  
  156  17:51  Supply Depot  
  156  17:52  Supply Depot  
  156  17:53  Supply Depot  
  156  17:58  Viking x2  
  157  17:59  Siege Tank  
  157  18:00  Marauder  
  157  18:02  Command Center  
  139  18:09  Command Center  
  139  18:10  Neosteel Armor  
  115  18:14  Marauder x2, Marine x6  
  112  18:21  Marauder  
  114  18:31  Marine  
  114  18:32  Marine x5  
  120  18:34  Marine, Command Center  
  120  18:35  Marine  
  122  18:42  Marine  
  122  18:48  Viking x3  
  128  18:49  Marine  
  128  18:50  Marine x3  
  128  18:52  Thor x2  
  128  18:54  Marauder  
  146  19:13  Personal Cloaking  
  146  19:17  Viking  
  146  19:18  Viking  
  150  19:25  Ghost x3  
  156  19:32  Viking  
  156  19:34  Thor  
  158  19:58  Command Center  
  148  20:55  Marauder x3, Marine  
  148  20:56  SCV x3  
  158  21:08  SCV x3  
  135  21:14  Marine  
  135  21:15  Marine x5  
  135  21:16  Marine  
  112  21:20  SCV x3  
  97  21:32  SCV  
  85  21:34  Widow Mine x2  
  89  21:55  Widow Mine  
  91  22:04  Orbital Command  
  91  22:11  Orbital Command  
Show
View Real Time Build Order
Export as new Build Order

Helios Protoss - Winner!

Build Orders: 1 Gate Expand 

Get SALT Encoding   

  12  0:02  Probe  
  13  0:14  Probe  
  13  0:18  Pylon  
  14  0:26  Probe  
  15  0:38  Probe (Chrono Boost)  
  15  0:41  Gateway  
  16  0:44  Assimilator  
  16  0:49  Probe (Chrono Boost)  
  17  0:54  Probe (Chrono Boost)  
  18  1:10  Probe  
  19  1:23  Probe  
  20  1:33  Nexus  
  20  1:48  Cybernetics Core  
  20  1:49  Assimilator  
  20  1:51  Pylon  
  19  1:54  Probe  
  20  2:06  Probe  
  20  2:08  Zealot (Chrono Boost)  
  23  2:18  Probe  
  24  2:24  Warp Gate  
  24  2:26  Adept (Chrono Boost)  
  26  2:30  Probe  
  27  2:39  Gateway  
  27  2:43  Probe (Chrono Boost)  
  28  2:47  Probe (Chrono Boost)  
  29  2:55  Probe (Chrono Boost)  
  31  2:58  Probe (Chrono Boost)  
  31  3:01  Probe (Chrono Boost)  
  31  3:04  Probe (Chrono Boost)  
  31  3:09  Probe  
  31  3:10  Adept  
  35  3:15  Probe  
  36  3:20  Twilight Council  
  36  3:21  Probe  
  36  3:26  Adept  
  39  3:32  Probe (Chrono Boost)  
  39  3:33  Probe (Chrono Boost)  
  41  3:41  Pylon  
  41  3:46  Probe (Chrono Boost), Stalker  
  41  3:47  Probe (Chrono Boost)  
  45  3:53  Pylon  
  45  3:54  Probe  
  46  3:58  Probe  
  45  4:10  Charge (Chrono Boost)  
  45  4:17  Robotics Facility  
  45  4:22  Probe x2  
  47  4:26  Assimilator  
  47  4:34  Probe, Gateway  
  47  4:35  Adept x2  
  47  4:37  Gateway  
  47  4:38  Probe  
  53  4:40  Gateway  
  53  4:43  Assimilator  
  53  4:46  Probe  
  50  5:06  Warp Prism (Chrono Boost)  
  50  5:12  Probe x2, Gateway  
  50  5:13  Gateway  
  54  5:22  Nexus  
  54  5:24  Probe x2  
  48  5:50  Stalker x2  
  52  6:01  Pylon, Blink (Chrono Boost)  
  52  6:03  Pylon  
  52  6:06  Observer  
  53  6:17  Zealot x3  
  59  6:18  Zealot  
  59  6:22  Stalker x2  
  65  6:29  Pylon  
  65  6:34  Forge  
  54  6:54  Stalker x3  
  54  6:55  Stalker  
  54  7:00  Warp Prism  
  57  7:02  Probe x2  
  49  7:14  Probe (Chrono Boost)  
  49  7:15  Probe (Chrono Boost)  
  49  7:21  Probe (Chrono Boost)  
  50  7:26  Probe (Chrono Boost)  
  50  7:27  Probe (Chrono Boost)  
  52  7:32  Probe (Chrono Boost)  
  52  7:33  Probe x2 (Chrono Boost)  
  52  7:36  Probe (Chrono Boost)  
  53  7:41  Probe x2, Protoss Ground Weapons Level 1 (Chrono Boost)  
  52  7:47  Probe  
  45  7:53  Probe x2  
  43  7:59  Probe  
  43  8:05  Probe x2  
  45  8:08  Resonating Glaives  
  45  8:11  Probe  
  46  8:17  Probe x2  
  48  8:23  Probe, Photon Cannon  
  49  8:31  Probe (Chrono Boost)  
  49  8:33  Templar Archives  
  51  8:34  Observer  
  51  8:36  Probe (Chrono Boost)  
  51  8:38  Probe (Chrono Boost)  
  54  8:43  Probe (Chrono Boost)  
  54  8:47  Probe x2 (Chrono Boost)  
  56  8:53  Photon Cannon  
  56  9:02  Immortal  
  60  9:04  Probe (Chrono Boost)  
  60  9:09  Probe (Chrono Boost)  
  63  9:11  Probe (Chrono Boost)  
  63  9:21  Observer  
  63  9:32  Psionic Storm  
  59  9:40  Protoss Ground Weapons Level 2 (Chrono Boost)  
  59  9:49  Probe x3  
  59  10:00  Observer  
  59  10:01  Probe x2  
  59  10:05  Immortal (Chrono Boost)  
  61  10:12  Probe  
  61  10:13  Probe x2  
  68  10:19  Pylon  
  68  10:25  Probe x3  
  71  10:36  High Templar  
  71  10:37  Probe x2, High Templar x3  
  71  10:38  Observer  
  82  10:57  Archon x2  
  82  10:58  Gateway  
  82  11:00  Gateway  
  82  11:02  Gateway  
  82  11:05  Zealot x3  
  82  11:07  Assimilator  
  88  11:12  Photon Cannon  
  88  11:14  Assimilator  
  88  11:20  Stalker x3  
  88  11:21  Stalker  
  94  11:33  Zealot x2  
  94  11:37  High Templar  
  100  11:56  Nexus  
  100  11:58  Pylon  
  98  12:02  Nexus  
  98  12:13  Probe x3  
  98  12:15  Stargate  
  101  12:17  Stargate  
  101  12:22  Protoss Ground Weapons Level 3 (Chrono Boost)  
  101  12:25  Probe  
  101  12:29  Pylon  
  102  12:32  Pylon  
  102  12:33  High Templar  
  102  12:34  High Templar  
  102  12:36  Zealot x5  
  116  12:38  Pylon  
  116  12:40  Pylon  
  116  13:16  High Templar x2  
  116  13:17  High Templar  
  122  13:20  Zealot x2  
  122  13:21  Zealot x2  
  122  13:22  Archon  
  106  13:52  Fleet Beacon  
  106  13:58  Pylon  
  106  13:59  Probe x5  
  106  14:02  High Templar x2  
  115  14:03  Zealot x2  
  115  14:04  Zealot x3  
  125  14:11  Probe x4  
  125  14:12  Probe  
  125  14:16  Archon x3  
  130  14:23  Probe x2  
  132  14:25  Zealot  
  132  14:27  Zealot  
  132  14:28  Zealot x3  
  132  14:29  Zealot  
  144  14:36  Observer  
  145  14:51  Pylon  
  145  14:54  Carrier x2  
  157  15:01  Zealot x3  
  157  15:02  Zealot x2  
  157  15:03  Zealot  
  167  15:16  High Templar x2  
  167  15:18  Zealot x3  
  171  15:24  Stalker x2  
  151  15:55  Carrier x2 (Chrono Boost)  
  151  15:58  Zealot x4  
  142  16:21  Stalker  
  142  16:22  Stalker x2  
  145  16:35  Nexus  
  145  16:36  Pylon  
  136  17:06  Assimilator  
  134  17:09  Assimilator  
  134  17:15  Protoss Ground Armor Level 1  
  134  17:25  Nexus  
  134  17:35  Pylon  
  128  18:00  Probe x3  
  128  18:03  Carrier (Chrono Boost)  
  117  18:12  Probe x3  
  114  18:25  Probe x2  
  116  18:32  Pylon  
  116  18:35  Pylon  
  116  18:36  Pylon  
  116  18:41  Pylon  
  116  18:45  Pylon  
  116  18:49  Nexus  
  116  18:54  Probe  
  117  19:11  Probe x4  
  121  19:30  Pylon  
  121  19:32  Void Ray  
  123  19:56  High Templar x6  
  123  19:57  High Templar x3  
  141  20:02  Probe x3  
  144  20:12  Probe x2  
  144  20:14  Probe  
  145  20:16  Probe  
  145  20:17  Probe  
  147  20:24  Probe x2  
  147  20:28  Stalker x2  
  151  20:42  Stalker  
  151  20:43  Stalker x2  
  151  20:44  Probe x2  
  159  20:51  Stalker x2  
  163  20:57  Zealot  
  163  21:00  Probe x4  
  134  21:19  Zealot x3  
  134  21:20  Zealot x2  
  134  21:21  Probe  
  117  21:38  Assimilator  
  117  21:47  Unknown  
  117  21:48  Nexus  
  117  21:50  Probe x2  
  117  21:52  Probe x3, Unknown  
  122  22:02  Pylon  
Tags
 
Add a new tag
Caveats
  • Supply blocks, unpowered buildings, or Contaminate may cause inaccurate times.
  • Supply counts are checked every 10 seconds.